 Dungeon Crawl Stone Soup version 0.29.1-12-g30fa7ad0bf (webtiles) character file.

Game seed: 5165891232479511179

11 hawla the Chiller (level 2, 0/20 HPs)
             Began as a Meteoran Ice Elementalist on Jan 6, 2023.
             Slain by a hobgoblin (1 damage)
             ... on level 2 of the Dungeon.
             The game lasted 00:00:48 (183 turns).

hawla the Chiller (Meteoran Ice Elementalist)        Turns: 183, Time: 00:00:49

Health: 0/20       AC:  2    Str:  9    XL:     2   Next: 52%
Magic:  0/6        EV: 12    Int: 16    God:
Gold:   87         SH:  0    Dex: 14    Spells: 5/6 levels left

rFire   . . .      SeeInvis .   (no weapon)
rCold   . . .      Faith    .   (no shield)
rNeg    . . .      Spirit   .   a - +0 robe
rPois   .          Reflect  .   (no helmet)
rElec   .          Harm     .   (no cloak)
rCorr   .          Rampage  .   (no gloves)
Will    .....                   (no boots)
Stlth   +.........              (no amulet)
HPRegen 0.06/turn               (no ring)
MPRegen 0.10/turn               (no ring)

@: glowing
A: sense surroundings 1, otherworldly, glowing, explore regen
a: no special abilities


You were on level 2 of the Dungeon.
You visited 1 branch of the dungeon, and saw 2 of its levels.

You collected 87 gold pieces.

Inventory:

Armour
 a - a +0 robe (worn)
Scrolls
 c - a scroll of identify {unknown}
 d - 3 scrolls of enchant armour {unknown}
 e - a scroll of enchant weapon {unknown}
Potions
 b - a potion of magic


   Skills:
 + Level 2.6 Dodging
 - Level 1.4 Stealth
 + Level 2.7 Spellcasting
 + Level 4.8 Ice Magic


You had 5 spell levels left.
You knew the following spells:

 Your Spells              Type           Power      Damage    Failure   Level
a - Freeze                Ice            68%        1d8       2%          1

Your spell library contained the following spells:

 Spells                   Type           Power      Damage    Failure   Level
 Frozen Ramparts          Ice            34%        1d6       8%          3
 Ozocubu's Armour         Ice            17%        N/A       8%          3
 Hailstorm                Conj/Ice       10%        3d5       56%         4


Dungeon Overview and Level Annotations

Branches:
Dungeon (2/15) Zot: 1016

Altars:


Innate Abilities, Weirdness & Mutations

You passively map a small area around you.
You are easily found by Zot.
You glow in the dark.
You regain HP and MP as you explore.


Message History

The worm is moderately wounded.
The worm misses you. The hobgoblin misses you.
A rat comes into view.
Casting: Freeze (safe; 2% risk of failure)
Confirm with . or Enter, or press ? or * to list all spells.
Aiming: Freeze (safe; 2% risk of failure)
Press: ? - help, Shift-Dir - straight line, f/p - worm
Aim: a worm (moderately wounded)
You freeze the worm.
The worm is heavily wounded.
The hobgoblin hits you.
Unknown command.
Casting: Freeze (safe; 2% risk of failure)
Confirm with . or Enter, or press ? or * to list all spells.
Aiming: Freeze (safe; 2% risk of failure)
Press: ? - help, Shift-Dir - straight line, f/p - worm
Aim: a worm (heavily wounded)
You freeze the worm!
The worm is almost dead.
The worm bites you. The hobgoblin hits you.
* * * LOW HITPOINT WARNING * * *
Casting: Freeze (safe; 2% risk of failure)
Confirm with . or Enter, or press ? or * to list all spells.
Aiming: Freeze (safe; 2% risk of failure)
Press: ? - help, Shift-Dir - straight line, f/p - worm
Aim: a worm (almost dead)
You freeze the worm!
You kill the worm!
The hobgoblin hits you.
* * * LOW HITPOINT WARNING * * *
Okay, then.
Casting: Freeze (safe; 2% risk of failure)
Confirm with . or Enter, or press ? or * to list all spells.
Aiming: Freeze (safe; 2% risk of failure)
Press: ? - help, Shift-Dir - straight line, f - hobgoblin
Aim: a hobgoblin You freeze the hobgoblin.
The hobgoblin is severely wounded.
The hobgoblin hits you.
You die...

### , , ..#
.######.# ,
......#.## ,
,...r.....######
,,
..............$,
,, * ,
......g........,
,
......g@.......
..###.#.#......,
, * #..........
, #....#<.......
* *
#....##.......
,, .....
*....... ,
.....,,,.......
.... * ####...
...., * * .[. ,
,


You could see a hobgoblin, a goblin and a rat.

Vanquished Creatures
  A worm (D:2)
  A ball python (D:1)
  A giant cockroach (D:1)
  A goblin (D:1)
  2 frilled lizards (D:1)
  2 rats (D:1)
8 creatures vanquished.

Notes
Turn   | Place    | Note
-------+----------+-------------------------------------------
     0 | D:1      | hawla the Meteoran Ice Elementalist began the quest for the
                  | Orb.
     0 | D:1      | Reached XP level 1. HP: 14/14 MP: 5/5
   113 | D:1      | Reached XP level 2. HP: 19/20 MP: 3/6
   182 | D:2      | HP: 1/20 [hobgoblin (4)]
   183 | D:2      | Slain by a hobgoblin

Illustrated notes

Levels and vault maps discovered:
D:1:      lemuel_arrival_funnel, layout_rooms,
          shapermc_ecumenical_altar_mp_ritualfount, nrook_uturn
D:2:      minmay_wonky_spiral, layout_basic

Action                   || total
-------------------------++-------
Melee: Unarmed           ||     2
 Cast: Freeze            ||    16
Armor: Robe              ||     2
Dodge: Dodged            ||     7
